 Dungeon Crawl Stone Soup version 0.27.0-1-g7a089689b8 (webtiles) character file.

Game seed: 1263266039078116785

35 Spectrina the Sneak (level 3, 0/22 HPs)
             Began as a Deep Elf Monk on Aug 2, 2021.
             Succumbed to an adder's poison
             ... on level 4 of the Dungeon.
             The game lasted 00:04:55 (623 turns).

Spectrina the Sneak (Deep Elf Monk)                  Turns: 623, Time: 00:04:55

Health: 0/22       AC:  4    Str:  8    XL:     3   Next: 17%
Magic:  5/5        EV: 13    Int: 15    God:
Gold:   90         SH:  0    Dex: 17    Spells: 2/2 levels left

rFire    . . .     SeeInvis .   a - +0 short sword
rCold    . . .     Faith    .   (no shield)
rNeg     . . .     Spirit   .   b - +0 robe
rPois    .         Reflect  .   c - +0 helmet
rElec    .         Harm     .   (no cloak)
rCorr    .         Rampage  .   (no gloves)
Will     .....                  k - +0 pair of boots
Stlth    +++.......             (no amulet)
HPRegen  0.07/turn              (no ring)
MPRegen  0.09/turn              (no ring)

@: lethally poisoned (0 -> -2), hasted, very quick
A: no striking features
a: no special abilities


You were on level 4 of the Dungeon.
You visited 1 branch of the dungeon, and saw 4 of its levels.

You collected 90 gold pieces.

Inventory:

Hand Weapons
 a - a +0 short sword (weapon)
 e - a +0 dagger
Missiles
 f - 54 stones (quivered)
 j - 4 poisoned darts
Armour
 b - a +0 robe (worn)
 c - a +0 helmet (worn)
 k - a +0 pair of boots (worn)
Magical Staves
 h - a staff of earth
Scrolls
 d - a scroll of identify {unknown}
 g - a scroll of noise {unknown}


   Skills:
 - Level 2.4 Fighting
 - Level 3.0 Short Blades
 - Level 3.6 Dodging
 + Level 4.8 Stealth


You had 2 spell levels left.
You didn't know any spells.
Your spell library was empty.

Dungeon Overview and Level Annotations

Branches:
Dungeon (4/15)
 Temple: D:4-7

Altars:


Message History

The adder is severely wounded.
You feel sick. The adder bites you but does no damage.
You closely miss the adder.
The adder is severely wounded.
You feel sick. The adder barely misses you.
You barely miss the adder.
The adder is severely wounded.
The adder completely misses you.
You hit the adder.
The adder is almost dead.
You feel sick.
You hit the adder but do no damage.
The adder is almost dead.
The adder bites you.
You hit the adder but do no damage.
The adder is almost dead.
You feel sick. The adder bites you.
You are lethally poisoned!
The adder poisons you!
You barely miss the adder.
The adder is almost dead.
* * * LOW HITPOINT WARNING * * *
You feel sick. The adder barely misses you.
You hit the adder.
You kill the adder!
* * * LOW HITPOINT WARNING * * *
You feel sick.
You have reached level 3!
Your experience leads to an increase in your attributes!
Increase (S)trength, (I)ntelligence, or (D)exterity?
You feel clever.
* * * LOW HITPOINT WARNING * * *
You feel sick.
* * * LOW HITPOINT WARNING * * *
You feel sick.
* * * LOW HITPOINT WARNING * * *
You feel sick.
* * * LOW HITPOINT WARNING * * *
You feel sick.
You die...

..S..#.#########.###
.......##.........##
..##.##...##.....†.#
..##...###.#.#....##
.......# #...#.#.##
?.#...#.⌠.#.##.#.#
.......#.#.....#.###
......(###.###.....#
.##.##.. .# #..@..#
#$ #.....# ##
#.....# #.....#
##.#### #. #. #.


There were no monsters in sight!

Vanquished Creatures
  An adder (D:4)
  A dart slug (D:1)
  3 ball pythons
  2 endoplasms
  2 giant cockroaches (D:1)
  2 bats
  4 goblins
  2 kobolds (D:1)
  A rat (D:1)
18 creatures vanquished.

Vanquished Creatures (collateral kills)
  An adder (D:3)
  A kobold (D:3)
2 creatures vanquished.

Grand Total: 20 creatures vanquished

Notes
Turn   | Place    | Note
-------+----------+-------------------------------------------
     0 | D:1      | Spectrina the Deep Elf Monk began the quest for the Orb.
     0 | D:1      | Reached XP level 1. HP: 13/13 MP: 3/3
    69 | D:1      | Reached skill level 3 in Stealth
   102 | D:1      | Reached XP level 2. HP: 5/18 MP: 4/4
   407 | D:3      | Found a faded altar of an unknown god.
   417 | D:3      | Reached skill level 4 in Stealth
   618 | D:4      | Reached XP level 3. HP: 5/22 MP: 5/5
   621 | D:4      | HP: 1/22 [poisoned by an adder]
   623 | D:4      | Succumbed to an adder's poison

Illustrated notes

Levels and vault maps discovered:
D:1:      matt_arrival_refuge, layout_basic, minmay_misc_feat_iff
D:2:      layout_basic, kennysheep_generic_room_8
D:3:      layout_basic, hellmonk_ecumenical_altar_lost_god,
          serial_bayou_lagoon_a, uniq_ijyb
D:4:      layout_loops_cross, temple_pool_b, chequers_serial_rivers_micro_d,
          grunt_decor_one_mirror, amcnicky_mini_pool_small, cheibrodos_gnoll_hut

Skill      XL: |  1  2 |
---------------+-------+-----
Stealth        | 3 4 |  4.8
Fighting       | |  2.4
Short Blades   | |  3.0
Dodging        | |  3.6

Action                   || total
-------------------------++-------
Melee: Short sword       ||    51
       Dagger            ||    20
Throw: Stone             ||     3
  Use: Potion            ||     2
       Scroll            ||     1
 Stab: Sleeping          ||     5
Armor: Robe              ||     9
Dodge: Dodged            ||    37
